 Dungeon Crawl Stone Soup version 0.30-a0-141-g30f27751c5 (webtiles) character file.

Game seed: 8266570790703487045

2711 qw the Cleaver (level 9, -7/57 HPs)
             Began as a Gargoyle Fighter on Sept 25, 2022.
             Mangled by a boulder beetle (13 damage)
             ... on level 8 of the Dungeon.
             The game lasted 00:02:56 (7739 turns).

qw the Cleaver (Gargoyle Fighter)                   Turns: 7739, Time: 00:02:57

Health: -7/57      AC: 21    Str: 24    XL:     9   Next: 66%
Magic:  9/9        EV:  7    Int:  9    God:
Gold:   419        SH:  4    Dex:  9    Spells: 8/8 levels left

rFire   + . .      SeeInvis .    Y - +1 war axe
rCold   + . .      Faith    .    c - +0 buckler
rNeg    + . .      Spirit   .    k - +0 plate armour
rPois   inf        Reflect  .    h - +0 helmet
rElec   +          Harm     .    f - scarf {rC+ rF+}
rCorr   .          Rampage  .    l - +0 pair of gloves
Will    .....                    (no boots)
Stlth   ..........               (no amulet)
HPRegen 0.19/turn                (no ring)
MPRegen 0.11/turn                (no ring)

@: no status effects
A: sickness immunity, AC +6, negative energy resistance 1, electricity
resistance, torment resistance 1, petrification resistance
a: no special abilities


You were on level 8 of the Dungeon.
You visited 1 branch of the dungeon, and saw 8 of its levels.

You collected 419 gold pieces.


Innate Abilities, Weirdness & Mutations

You are immune to sickness and miasma.
Your stone body is resilient. (AC +6)
You are immune to poison.
You resist negative energy. (rN+)
You are resistant to electric shocks. (rElec)
You are resistant to unholy torment.
You are immune to petrification.


   Skills:
 - Level 7.1 Fighting
 + Level 9.0 Axes
 - Level 2.1 Throwing
 - Level 6.1 Armour
 - Level 1.9 Dodging
 - Level 4.1 Shields


You had 8 spell levels left.
You didn't know any spells.
Your spell library was empty.

Inventory:

Hand Weapons
 g - a +0 flail
 Y - a +1 war axe (weapon)
Missiles
 o - 3 boomerangs (quivered)
Armour
 c - a +0 buckler (worn)
 e - a +2 cloak
 f - a scarf of resistance (worn)
 h - a +0 helmet (worn)
 k - a +0 plate armour (worn)
 l - a +0 pair of gloves (worn)
 t - a +2 scale mail of fire resistance
Scrolls
 n - 2 scrolls of identify
Potions
 a - a potion of haste
 d - 5 potions of might
 i - a potion of curing
 p - a potion of cancellation

Dungeon Overview and Level Annotations

Branches:
Dungeon (8/15)             Temple (0/1) D:7
   Lair: D:8-11

Altars:
Ashenzari
Cheibriados
Fedhas
Kikubaaqudgha
Makhleb
Ru
Trog

Annotations:
D:3 1 runed translucent door, qw's ghost, amateur GrFi


Message History

The boomerang hits the boulder beetle but does no damage.
The boulder beetle is lightly wounded.
Throw: 3 boomerangs
Press: ? - help, Q - select action Shift-Dir - straight line, f/p - boulder beetle You throw a boomerang.
The boomerang hits the boulder beetle but does no damage.
The boulder beetle is lightly wounded.
You hit the boulder beetle but do no damage.
The boulder beetle is lightly wounded.
The boulder beetle hits you!!
The boulder beetle stops rolling and uncurls.
You hit the boulder beetle but do no damage.
The boulder beetle is lightly wounded.
The boulder beetle completely misses you.
The boulder beetle bites you but does no damage.
You hit the boulder beetle.
The boulder beetle is lightly wounded.
The boulder beetle bites you but does no damage.
You hit the boulder beetle but do no damage.
The boulder beetle is lightly wounded.
The boulder beetle bites you!
You slash the boulder beetle!
The boulder beetle is lightly wounded.
The boulder beetle bites you!
7735 ||| DRINKING potion of heal wounds.
You feel much better. The boulder beetle bites you!
You slash the boulder beetle!
The boulder beetle is moderately wounded.
The boulder beetle bites you!
You slash the boulder beetle!
The boulder beetle is heavily wounded.
The boulder beetle bites you but does no damage.
You hit the boulder beetle but do no damage.
The boulder beetle is heavily wounded.
The boulder beetle bites you!
You hit the boulder beetle but do no damage.
The boulder beetle is heavily wounded.
The boulder beetle bites you!
You die...

(/.#####...###.
...........# #.
########.>.###. #.....##
###.#.## . ##...#.## ...
#######..#...##
.....#####.......#...###
#......@B..#####...#..##
###.#..#.........####.##
#..............# ##.##
............(....###....
....!...................
######........^.)###....
.............##....
#...................
.##.......[.###....


You could see a boulder beetle.

Vanquished Creatures
  A wyvern (D:7)
  A steam dragon (D:6)
  A water moccasin (D:7)
  A black bear (D:6)
  An ice beast (D:7)
  An ogre (D:6)
  2 centaurs (D:6)
  A phantom (D:6)
  A kobold brigand (D:6)
  A gnoll sergeant (D:6)
  5 bullfrogs
  7 scorpions
  2 necrophages
  5 killer bees (D:8)
  2 jellies
  2 orc priests
  2 hounds
  4 iguanas (D:5)
  3 orc wizards
  4 gnolls
  12 adders
  A white imp (D:6)
  An ufetubus (D:6)
  3 worms
  2 dart slugs
  13 orcs
  3 bats
  5 endoplasms
  3 giant cockroaches
  5 hobgoblins
  2 jackals (D:2)
  16 kobolds
  5 quokkas
  6 ball pythons
  2 frilled lizards (D:1)
  11 goblins
  8 rats
145 creatures vanquished.

Vanquished Creatures (others)
  An orc wizard (D:4)
  2 fungi (D:4)
3 creatures vanquished.

Grand Total: 148 creatures vanquished

Notes
Turn   | Place    | Note
-------+----------+-------------------------------------------
     0 | D:1      | qw the Gargoyle Fighter began the quest for the Orb.
     0 | D:1      | Reached XP level 1. HP: 14/14 MP: 1/1
     0 | D:1      | 0 ||| qw: Version: 0.2-a-10-g399e6c4
     0 | D:1      | 0 ||| qw: Game counter: 169
     0 | D:1      | 0 ||| qw: Always use a shield: true
     0 | D:1      | 0 ||| qw: God list: Okawaru
     0 | D:1      | 0 ||| qw: Allow faded altars: false
     0 | D:1      | 0 ||| qw: Do Orc after D:15 true
     0 | D:1      | 0 ||| qw: Do second Lair branch before Depths: true
     0 | D:1      | 0 ||| qw: Lair rune preference: random
     0 | D:1      | 0 ||| qw: Plans: Normal, Zot:1-4, God:TSO, Crypt, Tomb,
                  | Pan, Slime:5, Hells, Abyss, Orb
     0 | D:1      | 0 ||| PLANNING D:1-11
    34 | D:1      | Reached skill level 2 in Axes
   257 | D:1      | Reached XP level 2. HP: 19/19 MP: 2/2
   347 | D:1      | 347 ||| Stepping ~*~*~tactically~*~*~ (stealth).
   381 | D:1      | 381 ||| Stepping ~*~*~tactically~*~*~ (stealth).
   429 | D:1      | Reached skill level 3 in Axes
   534 | D:1      | Reached XP level 3. HP: 20/23 MP: 3/3
   539 | D:1      | 539 ||| Stepping ~*~*~tactically~*~*~ (stealth).
   601 | D:1      | 601 ||| Stepping ~*~*~tactically~*~*~ (stealth).
   603 | D:1      | 603 ||| Stepping ~*~*~tactically~*~*~ (hiding).
   604 | D:1      | 604 ||| Stepping ~*~*~tactically~*~*~ (stealth).
   605 | D:1      | 605 ||| Stepping ~*~*~tactically~*~*~ (hiding).
   609 | D:1      | 609 ||| Stepping ~*~*~tactically~*~*~ (hiding).
   992 | D:1      | 992 ||| UPGRADING to +0 helmet.
   997 | D:1      | 997 ||| UPGRADING to +0 plate armour.
  1007 | D:1      | 1007 ||| DROPPING +0 scale mail.
  1008 | D:1      | 1008 ||| UPGRADING to +0 pair of gloves.
  1013 | D:1      | 1013 ||| READING scroll labelled TOROLA MAFICW.
  1014 | D:1      | 1014 ||| READING scroll labelled WOONYF WYWNUTS.
  1038 | D:2      | 1038 ||| Stepping ~*~*~tactically~*~*~ (stealth).
  1039 | D:2      | 1039 ||| Stepping ~*~*~tactically~*~*~ (stealth).
  1049 | D:2      | 1049 ||| Stepping ~*~*~tactically~*~*~ (stealth).
  1342 | D:2      | 1342 ||| Stepping ~*~*~tactically~*~*~ (stealth).
  1349 | D:2      | Reached XP level 4. HP: 28/28 MP: 4/4
  1410 | D:2      | 1410 ||| Stepping ~*~*~tactically~*~*~ (stealth).
  1574 | D:2      | 1574 ||| READING scroll labelled KAUDWI VESE.
  1575 | D:2      | 1575 ||| READING scroll labelled FEBYLIM QUEHOE.
  1576 | D:2      | 1576 ||| DRINKING 2 metallic purple potions.
  1629 | D:3      | Found an ancient bone altar of Kikubaaqudgha.
  1636 | D:3      | Reached skill level 4 in Axes
  1793 | D:3      | 1793 ||| Stepping ~*~*~tactically~*~*~ (stealth).
  1810 | D:3      | 1810 ||| FLEEEEING.
  1811 | D:3      | 1811 ||| FLEEEEING.
  1812 | D:3      | 1812 ||| FLEEEEING.
  1813 | D:3      | 1813 ||| FLEEEEING.
  1814 | D:3      | 1814 ||| FLEEEEING.
  1817 | D:3      | Reached skill level 1 in Throwing
  1819 | D:3      | Reached XP level 5. HP: 23/32 MP: 5/5
  1949 | D:3      | 1949 ||| Stepping ~*~*~tactically~*~*~ (stealth).
  1950 | D:3      | 1950 ||| Stepping ~*~*~tactically~*~*~ (stealth).
  2017 | D:3      | Noticed qw's ghost (amateur GrFi)
  2024 | D:3      | Found a runed translucent door.
  2498 | D:3      | 2498 ||| Stepping ~*~*~tactically~*~*~ (stealth).
  2530 | D:3      | Reached skill level 5 in Axes
  2663 | D:3      | 2663 ||| READING scroll labelled LIMEQO SI MYETT.
  2664 | D:3      | 2664 ||| READING scroll labelled HIPROC WUYHY.
  2665 | D:3      | 2665 ||| DRINKING 2 murky inky potions.
  2666 | D:3      | 2666 ||| READING 2 scrolls of identify.
  2666 | D:3      | 2666 ||| IDENTIFYING golden potion
  2699 | D:4      | Found a blossoming altar of Fedhas.
  2915 | D:4      | Reached XP level 6. HP: 29/39 MP: 6/6
  2937 | D:4      | 2937 ||| Stepping ~*~*~tactically~*~*~ (stealth).
  2970 | D:4      | 2970 ||| Stepping ~*~*~tactically~*~*~ (stealth).
  3144 | D:4      | Found a bloodstained altar of Trog.
  3266 | D:4      | 3266 ||| DRINKING potion of curing.
  3266 | D:4      | 3266 ||| (to cure confusion)
  3300 | D:4      | HP: 9/39 [something (1)]
  3301 | D:4      | 3301 ||| READING scroll of teleportation.
  3303 | D:4      | 3303 ||| DRINKING 2 potions of heal wounds.
  3370 | D:4      | 3370 ||| Stepping ~*~*~tactically~*~*~ (stealth).
  3378 | D:4      | 3378 ||| Stepping ~*~*~tactically~*~*~ (stealth).
  3379 | D:4      | 3379 ||| Stepping ~*~*~tactically~*~*~ (stealth).
  3410 | D:4      | 3410 ||| Invisible monster not found???
  3494 | D:4      | 3494 ||| Stepping ~*~*~tactically~*~*~ (stealth).
  3565 | D:4      | 3565 ||| UPGRADING to +1 cloak.
  3570 | D:4      | 3570 ||| READING scroll labelled PEQOFO EGIYJYTOMA.
  3601 | D:5      | Entered Level 5 of the Dungeon
  3604 | D:5      | 3604 ||| STAIRDANCE
  3673 | D:5      | Reached XP level 7. HP: 39/44 MP: 7/7
  3801 | D:5      | 3801 ||| Stepping ~*~*~tactically~*~*~ (hiding).
  3807 | D:5      | Reached skill level 6 in Axes
  3914 | D:5      | 3914 ||| Stepping ~*~*~tactically~*~*~ (stealth).
  3915 | D:5      | 3915 ||| Stepping ~*~*~tactically~*~*~ (stealth).
  3916 | D:5      | 3916 ||| Stepping ~*~*~tactically~*~*~ (stealth).
  4028 | D:5      | Found a snail-covered altar of Cheibriados.
  4029 | D:5      | 4029 ||| DROPPING orb of guile.
  4030 | D:5      | 4030 ||| READING scroll labelled AHAUKE VATSULO.
  4031 | D:5      | 4031 ||| READING scroll labelled IXTIAK TAOV.
  4032 | D:5      | 4032 ||| READING scroll labelled OSOTEU TAJO.
  4033 | D:5      | 4033 ||| Stepping randomly (stuck).
  4035 | D:5      | 4035 ||| Stepping randomly (stuck).
  4050 | D:5      | 4050 ||| Stepping randomly (stuck).
  4051 | D:5      | 4051 ||| Stepping randomly (stuck).
  4053 | D:5      | 4053 ||| Stepping randomly (stuck).
  4055 | D:5      | 4055 ||| Stepping randomly (stuck).
  4057 | D:5      | 4057 ||| Stepping randomly (stuck).
  4059 | D:5      | 4059 ||| Stepping randomly (stuck).
  4061 | D:5      | 4061 ||| Stepping randomly (stuck).
  4063 | D:5      | 4063 ||| Stepping randomly (stuck).
  4064 | D:5      | 4064 ||| Stepping randomly (stuck).
  4065 | D:5      | 4065 ||| Stepping randomly (stuck).
  4066 | D:5      | 4066 ||| Stepping randomly (stuck).
  4067 | D:5      | 4067 ||| Stepping randomly (stuck).
  4069 | D:5      | 4069 ||| Stepping randomly (stuck).
  4071 | D:5      | 4071 ||| Stepping randomly (stuck).
  4072 | D:5      | 4072 ||| Stepping randomly (stuck).
  4073 | D:5      | 4073 ||| Stepping randomly (stuck).
  4075 | D:5      | 4075 ||| Stepping randomly (stuck).
  4076 | D:5      | 4076 ||| Stepping randomly (stuck).
  4077 | D:5      | 4077 ||| Stepping randomly (stuck).
  4079 | D:5      | 4079 ||| Stepping randomly (stuck).
  4460 | D:5      | 4460 ||| Stepping ~*~*~tactically~*~*~ (stealth).
  4461 | D:5      | 4461 ||| Stepping ~*~*~tactically~*~*~ (stealth).
  4472 | D:5      | 4472 ||| Stepping ~*~*~tactically~*~*~ (stealth).
  4589 | D:6      | 4589 ||| STAIRDANCE
  4654 | D:6      | 4654 ||| STAIRDANCE
  4662 | D:6      | 4662 ||| STAIRDANCE
  4803 | D:6      | 4803 ||| Stepping ~*~*~tactically~*~*~ (stealth).
  4895 | D:6      | Reached skill level 7 in Axes
  4895 | D:6      | Reached XP level 8. HP: 43/48 MP: 8/8
  5032 | D:6      | Reached skill level 1 in Dodging
  5096 | D:6      | 5096 ||| Stepping ~*~*~tactically~*~*~ (hiding).
  5112 | D:6      | 5112 ||| FLEEEEING.
  5113 | D:6      | 5113 ||| FLEEEEING.
  5114 | D:6      | 5114 ||| FLEEEEING.
  5115 | D:6      | 5115 ||| FLEEEEING.
  5116 | D:6      | 5116 ||| FLEEEEING.
  5117 | D:6      | 5117 ||| FLEEEEING.
  5119 | D:6      | 5119 ||| FLEEEEING.
  5120 | D:6      | 5120 ||| FLEEEEING.
  5122 | D:6      | 5122 ||| FLEEEEING.
  5123 | D:6      | 5123 ||| FLEEEEING.
  5124 | D:6      | 5124 ||| FLEEEEING.
  5125 | D:6      | 5125 ||| FLEEEEING.
  5126 | D:6      | 5126 ||| FLEEEEING.
  5127 | D:6      | 5127 ||| FLEEEEING.
  5128 | D:6      | 5128 ||| FLEEEEING.
  5129 | D:6      | 5129 ||| FLEEEEING.
  5130 | D:6      | 5130 ||| FLEEEEING.
  5131 | D:6      | 5131 ||| FLEEEEING.
  5132 | D:6      | 5132 ||| FLEEEEING.
  5133 | D:6      | 5133 ||| FLEEEEING.
  5134 | D:6      | 5134 ||| FLEEEEING.
  5135 | D:6      | 5135 ||| FLEEEEING.
  5136 | D:6      | 5136 ||| FLEEEEING.
  5137 | D:6      | 5137 ||| FLEEEEING.
  5138 | D:6      | 5138 ||| FLEEEEING.
  5139 | D:6      | 5139 ||| FLEEEEING.
  5140 | D:6      | 5140 ||| FLEEEEING.
  5141 | D:6      | 5141 ||| FLEEEEING.
  5142 | D:6      | 5142 ||| FLEEEEING.
  5143 | D:6      | 5143 ||| FLEEEEING.
  5144 | D:6      | 5144 ||| FLEEEEING.
  5146 | D:6      | 5146 ||| FLEEEEING.
  5147 | D:6      | 5147 ||| FLEEEEING.
  5148 | D:6      | 5148 ||| FLEEEEING.
  5149 | D:6      | 5149 ||| FLEEEEING.
  5150 | D:6      | 5150 ||| FLEEEEING.
  5151 | D:6      | 5151 ||| FLEEEEING.
  5152 | D:6      | 5152 ||| FLEEEEING.
  5153 | D:6      | 5153 ||| FLEEEEING.
  5154 | D:6      | 5154 ||| FLEEEEING.
  5155 | D:6      | 5155 ||| FLEEEEING.
  5156 | D:6      | 5156 ||| FLEEEEING.
  5157 | D:6      | 5157 ||| FLEEEEING.
  5158 | D:6      | 5158 ||| FLEEEEING.
  5159 | D:6      | 5159 ||| FLEEEEING.
  5160 | D:6      | 5160 ||| FLEEEEING.
  5515 | D:6      | 5515 ||| Stepping ~*~*~tactically~*~*~ (stealth).
  5635 | D:6      | 5635 ||| Stepping ~*~*~tactically~*~*~ (hiding).
  5728 | D:6      | 5728 ||| Stepping ~*~*~tactically~*~*~ (hiding).
  5737 | D:6      | Reached skill level 8 in Axes
  5802 | D:6      | 5802 ||| Stepping ~*~*~tactically~*~*~ (hiding).
  5818 | D:6      | Reached XP level 9. HP: 30/55 MP: 9/9
  5982 | D:6      | Reached skill level 6 in Fighting
  6342 | D:6      | 6342 ||| UPGRADING to +2 cloak.
  6352 | D:6      | 6352 ||| DROPPING +1 cloak.
  6353 | D:6      | 6353 ||| READING 3 scrolls of identify.
  6353 | D:6      | 6353 ||| IDENTIFYING glowing red potion
  6354 | D:6      | 6354 ||| READING 2 scrolls of identify.
  6354 | D:6      | 6354 ||| IDENTIFYING brown potion
  6355 | D:6      | 6355 ||| DROPPING potion of degeneration.
  6356 | D:6      | 6356 ||| DROPPING potion of invisibility.
  6387 | D:6      | 6387 ||| Stepping ~*~*~tactically~*~*~ (stealth).
  6388 | D:6      | 6388 ||| Stepping ~*~*~tactically~*~*~ (stealth).
  6419 | D:7      | 6419 ||| STAIRDANCE
  6426 | D:7      | 6426 ||| STAIRDANCE
  6549 | D:7      | 6549 ||| STAIRDANCE
  6596 | D:7      | Reached skill level 9 in Axes
  6697 | D:7      | Found a sacrificial altar of Ru.
  6864 | D:7      | Identified the +1 leather armour of Wify {+Inv rN+ Int+3}
  7002 | D:7      | Found a staircase to the Ecumenical Temple.
  7038 | D:7      | Found a burning altar of Makhleb.
  7053 | D:7      | Reached skill level 6 in Armour
  7300 | D:7      | 7300 ||| UPGRADING to scarf of resistance.
  7310 | D:7      | 7310 ||| READING scroll labelled OMIRACL XAEMU.
  7376 | D:7      | 7376 ||| READING scroll labelled MEUHAIJIC CILEMOS.
  7377 | D:7      | 7377 ||| DRINKING 2 fuming cyan potions.
  7378 | D:7      | 7378 ||| READING 3 scrolls of identify.
  7378 | D:7      | 7378 ||| IDENTIFYING blue potion
  7379 | D:7      | 7379 ||| DROPPING potion of brilliance.
  7385 | D:8      | Found a broken altar of Ashenzari.
  7399 | D:8      | HP: 14/56 [killer bee (2)]
  7400 | D:8      | 7400 ||| DRINKING 3 potions of heal wounds.
  7405 | D:8      | HP: 14/56 [killer bee (2)]
  7406 | D:8      | 7406 ||| DRINKING 2 potions of heal wounds.
  7717 | D:8      | Noticed a boulder beetle
  7734 | D:8      | HP: 11/57 [boulder beetle (9)]
  7735 | D:8      | 7735 ||| DRINKING potion of heal wounds.
  7739 | D:8      | Mangled by a boulder beetle

Levels and vault maps discovered:
D:1:      nzn_arrival_settlement, layout_basic
D:2:      layout_rooms
D:3:      cheibrodos_helix_gallery, layout_loops_corners,
          mainiacjoe_overflow_brackets, hellmonk_ghost_happy_afterlife,
          chequers_arboretum
D:4:      layout_loops_ring, fedhas_altar_3, trog_hazing_becter
D:5:      layout_rooms, cheibrodos_worm_habitat, minivault_23,
          dreamdust_princess_bridge, minmay_misc_feat_x, hangedman_glass_teeth
D:6:      layout_basic, st_stairs_13
D:7:      layout_basic, mainiacjoe_overflow_concentric_impassable,
          nicolae_ru_the_path_less_chosen, minmay_temple_entry_statues
D:8:      layout_rooms, nicolae_dithmenos_shadow_blocks,
          cheibrodos_ashenzari_chains

Skill      XL: |  1  2  3  4  5  6  7  8  9 |
---------------+----------------------------+-----
Axes           | 2 3 4 5 7 8 9 |  9.0
Throwing       | 1 2 |  2.1
Fighting       | 4 5 7 |  7.1
Armour         | 4 5 6 |  6.1
Dodging        | 1 |  1.9
Shields        | 4 |  4.1

Action                   |  1- 3 |  4- 6 |  7- 9 || total
-------------------------+-------+-------+-------++-------
Melee: War axe           |    82 |   153 |   245 ||   480
Throw: Javelin           |    10 |    23 |    18 ||    51
       Boomerang         |       |    20 |    27 ||    47
  Use: Scroll            |     2 |     7 |     8 ||    17
       Potion            |       |     4 |     4 ||     8
Armor: Scale mail        |    23 |       |       ||    23
       Plate armour      |    22 |   136 |   239 ||   397
Dodge: Dodged            |    25 |    37 |   114 ||   176
Block: Buckler           |     7 |    24 |    72 ||   103

Table legend:
 A = Non-vault XP
 B = Vault XP
 C = Vault XP percentage of total XP
 D = Non-vault monster count
 E = Vault monster count
 F = Vault count percentage of total count
                 A         B        C        D         E       F
            +---------+---------+-------+---------+---------+-------
      Total |    3645 |     229 |   5.9 |     135 |      11 |   7.5
            +---------+---------+-------+---------+---------+-------
        D:1 |      49 |       0 |   0.0 |      24 |       0 |   0.0
        D:2 |      50 |       0 |   0.0 |      14 |       0 |   0.0
        D:3 |     182 |       3 |   1.6 |      19 |       2 |   9.5
        D:4 |     234 |      11 |   4.5 |      17 |       6 |  26.1
        D:5 |     561 |       5 |   0.9 |      19 |       1 |   5.0
        D:6 |    1490 |     210 |  12.4 |      27 |       2 |   6.9
        D:7 |     589 |       0 |   0.0 |       8 |       0 |   0.0
        D:8 |     490 |       0 |   0.0 |       7 |       0 |   0.0
            +---------+---------+-------+---------+---------+-------
